 Dungeon Crawl Stone Soup version 0.29-a0-271-gd4eb659eea (webtiles) character file.

Game seed: 12519004529796799420

1063 AlexTheTrain1 the Cleaver (level 8, -9/54 (70) HPs)
             Began as a Minotaur Fighter on Mar 8, 2022.
             Was an Initiate of Ru.
             Mangled by Pikel
             ... wielding a +2 whip of electrocution
              (11 damage)
             ... on level 5 of the Dungeon.
             The game lasted 00:07:23 (17504 turns).

AlexTheTrain1 the Cleaver (Minotaur Fighter)       Turns: 17504, Time: 00:07:23

HP:   -9/54 (70)    AC: -5    Str: 22    XL:     8   Next: 6%
MP:   7/7           EV:  9    Int:  5    God:    Ru [......]
Gold: 252           SH:  5    Dex: 11    Spells: 7/7 levels left

rFire   . . .      SeeInvis .   a - +0 war axe
rCold   . . .      Faith    .   c - +1 buckler
rNeg    . . .      Spirit   .   b - +0 scale mail
rPois   .          Reflect  .   (helmet restricted)
rElec   .          Harm     .   (no cloak)
rCorr   .          Rampage  .   (no gloves)
Will    .....                   (no boots)
Stlth   ..........              (no amulet)
HPRegen 0.18/turn               (no ring)
MPRegen 0.10/turn               (no ring)

@: corroded, heavily drained, fire susceptible
A: horns 2, retaliatory headbutt, mutation resistance 1
a: Renounce Religion


You were on level 5 of the Dungeon.
You worshipped Ru.
Ru was noncommittal.
You visited 2 branches of the dungeon, and saw 6 of its levels.

You collected 252 gold pieces.

Inventory:

Hand Weapons
 a - a +0 war axe (weapon)
 l - a +2 mace of protection
Armour
 b - a +0 scale mail (worn)
 c - a +1 buckler (worn)
 k - a +2 hat
 n - a +0 plate armour
Wands
 s - a wand of flame (22)
 t - a wand of charming (10)
Scrolls
 f - a scroll of enchant armour
 g - a scroll of magic mapping
 i - 3 scrolls of identify
 j - a scroll of torment {unknown}
 p - a scroll of teleportation
 u - a scroll of holy word {unknown}
Potions
 d - 2 potions of might
 e - a potion of mutation
 h - 2 potions of heal wounds
 m - 4 potions of curing
 o - a potion of berserk rage {unknown}
 q - a potion of brilliance {unknown}
 r - 3 potions of attraction


   Skills:
 + Level 5.8 Fighting
 * Level 10.5 Axes
 - Level 3.7 Armour
 - Level 3.8 Shields


You had 7 spell levels left.
You didn't know any spells.
Your spell library contained the following spells:

 Spells                   Type           Power      Damage    Failure   Level
 Gell's Gravitas          Tloc           0%         N/A       99%         3
 Lesser Beckoning         Tloc           0%         N/A       99%         3
 Teleport Other           Tloc           0%         N/A       99%         3
 Iskenderun's Battlesphe  Conj           0%         2d6       100%        5
 Iron Shot                Conj/Erth      0%         9d1       100%        6
 Spellforged Servitor     Conj/Summ      0%         N/A       100%        7


Dungeon Overview and Level Annotations

Branches:
Dungeon (5/15)             Temple (1/1) D:4

Altars:
Ashenzari
Cheibriados
Dithmenos
Elyvilon
Fedhas
Gozag
Makhleb
Nemelex Xobeh
Qazlal
Ru
Sif Muna
Trog
Vehumet
Wu Jian
Zin
The Shining One
Ignis

Annotations:
D:5 Pikel


Innate Abilities, Weirdness & Mutations

You have a pair of horns on your head.
You reflexively headbutt those who attack you in melee.
You are somewhat resistant to further mutation.


Message History

The jelly hits you but does no damage. The lemure barely misses you.
You furiously retaliate!
You headbutt the lemure, but do no damage.
You hit the lemure.
The lemure is lightly wounded.
You hit the jelly. The acid corrodes you!
Your hands burn!
The jelly hits you but does no damage. The lemure hits you!
You barely miss the jelly.
The jelly is moderately wounded.
You hit the lemure but do no damage. The jelly hits you but does no damage.
You block the lemure's attack.
You slash the jelly! The acid corrodes you!
Your hands burn!
The jelly is almost dead.
You closely miss the lemure. The lemure hits you. The jelly barely misses you.
You hit the jelly but do no damage. The acid corrodes you!
Your hands burn!
You headbutt the jelly.
You kill the jelly!
You hit the lemure but do no damage. The lemure hits you.
You barely miss Pikel. You headbutt Pikel, but do no damage.
You completely miss the lemure. You closely miss the lemure.
You block the lemure's attack. x2; You block Pikel's attack.
You closely miss Pikel. You headbutt Pikel, but do no damage.
You hit the lemure. x2; You hit the lemure but do no damage.
The lemure hits you. The lemure closely misses you. Pikel barely misses you.
The lemure hits you.
You closely miss Pikel. Your headbutt misses Pikel. You barely miss the lemure.
You hit the lemure. x2; The lemure hits you.
The lemure hits you!
* * * LOW HITPOINT WARNING * * *
Pikel closely misses you. You furiously retaliate!
You headbutt Pikel! The lemure hits you!
* * * LOW HITPOINT WARNING * * *
You feel much better. The jelly hits you. The acid corrodes you!
You are splashed with acid!
The lemure hits you.
* * * LOW HITPOINT WARNING * * *
The lemure hits you.
* * * LOW HITPOINT WARNING * * *
The lemure hits you.
* * * LOW HITPOINT WARNING * * *
Pikel hits you with a +2 whip of electrocution!
You die...

...........#
......[....#
...........#
...........#
..........?#
.......5...####
......5K5......
#.5@...##### ..
#.J........#...#
#####.#....#.#.
#.#....<.. #
#......#.#.#
##.....#.#.#
#.........##
#.....).....
#.##.....)..


You could see Pikel, 4 lemures and a jelly.

Vanquished Creatures
  Sigmund (D:4)
  The ghost of hotpinklipstick the Chopper, an amateur DDFi of Trog (D:3)
  Menkaure (D:4)
  Duvessa (D:4)
  A phantom (D:4)
  A scorpion (D:4)
  Dowan (D:4)
  A jelly (D:5)
  2 hounds (D:3)
  Natasha (D:2)
  2 orc wizards (D:4)
  Robin (D:4)
  2 gnolls
  7 adders
  A white imp (D:4)
  3 dart slugs
  4 orcs (D:4)
  7 ball pythons
  2 endoplasms
  3 giant cockroaches
  15 goblins
  8 hobgoblins
  8 quokkas
  6 bats
  5 kobolds
  21 rats
106 creatures vanquished.

Vanquished Creatures (others)
  5 plants (D:4)
5 creatures vanquished.

Grand Total: 111 creatures vanquished

Notes
Turn   | Place    | Note
-------+----------+-------------------------------------------
     0 | D:1      | AlexTheTrain1 the Minotaur Fighter began the quest for the
                  | Orb.
     0 | D:1      | Reached XP level 1. HP: 19/19 MP: 0/0
   225 | D:1      | Reached XP level 2. HP: 27/27 MP: 1/1
   369 | D:1      | Reached skill level 3 in Axes
   916 | D:2      | Reached XP level 3. HP: 33/33 MP: 2/2
  1215 | D:2      | Noticed Natasha
  1220 | D:2      | Killed Natasha
  1221 | D:2      | Reached skill level 4 in Axes
  1221 | D:2      | Reached XP level 4. HP: 40/40 MP: 3/3
  1570 | D:2      | Found a faded altar of an unknown god.
  1617 | D:2      | Prayed at the altar of an unknown god.
  1617 | D:2      | Became a worshipper of Ignis, the Dying Flame
  1893 | D:3      | Found a runed translucent door.
  1893 | D:3      | Noticed hotpinklipstick's ghost (amateur DDFi)
  2020 | D:3      | Reached skill level 5 in Axes
  2119 | D:3      | Found an ornate altar of the Wu Jian Council.
  2236 | D:3      | Reached XP level 5. HP: 30/47 MP: 4/4
  2576 | D:3      | Gained mutation: You are somewhat resistant to further
                  | mutation. [potion of mutation]
  2580 | D:3      | Reached skill level 6 in Axes
  2587 | D:3      | Killed hotpinklipstick's ghost
  2588 | D:3      | Reached skill level 7 in Axes
  2588 | D:3      | Reached XP level 6. HP: 30/55 MP: 5/5
  2834 | D:4      | Noticed Menkaure
  2840 | D:4      | Killed Menkaure
  2841 | D:4      | Reached skill level 5 in Fighting
  2841 | D:4      | Reached skill level 8 in Axes
  3066 | D:4      | Noticed Duvessa
  3072 | D:4      | Noticed Dowan
  3074 | D:4      | Killed Duvessa
  3075 | D:4      | Reached XP level 7. HP: 50/61 MP: 6/6
  3080 | D:4      | Killed Dowan
  3358 | D:4      | Noticed Robin
  3367 | D:4      | Killed Robin
  3590 | D:4      | Reached skill level 9 in Axes
  3751 | D:4      | Noticed Sigmund
  3779 | D:4      | Killed Sigmund
  3780 | D:4      | Reached skill level 10 in Axes
  3836 | D:4      | Found a staircase to the Ecumenical Temple.
  4085 | D:4      | Reached XP level 8. HP: 29/53 MP: 7/7
  4247 | Temple   | Entered the Ecumenical Temple
  4319 | Temple   | Fell from the grace of Ignis
  4319 | Temple   | Became a worshipper of Ru the Awakened
 17423 | D:5      | Entered Level 5 of the Dungeon
 17495 | D:5      | Noticed Pikel
 17503 | D:5      | HP: 1/54 [lemure[Pikel] (7)]
 17504 | D:5      | Mangled by Pikel

Illustrated notes

Levels and vault maps discovered:
D:1:      ncdulo_smallfort, layout_loops_ring
D:2:      layout_rooms, ebering_ecumenical_altar_box, uniq_natasha
D:3:      layout_loops_ring, mainiacjoe_overflow_brackets,
          ebering_ghost_sewer_d, minmay_misc_feat_iff, hangedman_decor_points,
          cheibrodos_gnoll_hut
D:4:      layout_loops_ring, minmay_temple_entry_gardened_gates,
          minmay_rat_hole, uniq_robin, uniq_duvessa, uniq_menkaure, uniq_sigmund
D:5:      layout_basic, general_overflow_altar, kennysheep_little_box,
          hellmonk_bongcloud_opening, uniq_pikel
Temple:   eino_wide_crystal_templ

Skill      XL: |  1  2  3  4  5  6  7 |
---------------+----------------------+-----
Fighting       | 4 5 |  5.8
Axes           | 3 4 5 7 8 10 | 10.5
Armour         | |  3.7
Shields        | |  3.8

Action                   |  1- 3 |  4- 6 |  7- 9 || total
-------------------------+-------+-------+-------++-------
Melee: War axe           |    55 |   110 |    92 ||   257
       Headbutt          |     5 |    14 |    13 ||    32
Evoke: Wand              |       |     1 |       ||     1
  Use: Scroll            |       |    11 |       ||    11
       Potion            |       |     3 |     1 ||     4
Armor: Scale mail        |    31 |    43 |    51 ||   125
Dodge: Dodged            |    36 |    37 |    47 ||   120
Block: Buckler           |    12 |    23 |    27 ||    62

Table legend: (Time is in decaauts)
 A = Elapsed time spent in this place.
 B = Non-inter-level travel time spent in this place.
 C = Inter-level travel time spent in this place.
 D = Time resting spent in this place.
 E = Time spent auto-exploring this place.
 F = Levels seen in this place.
 G = Mean time per level.
                   A        B        C        D        E       F      G
               +--------+--------+--------+--------+--------+-----+--------+
         Total |  17559 |  17160 |    399 |  13001 |   3452 |   6 | 2926.5 |
       Dungeon |  17479 |  17107 |    372 |  13001 |   3412 |   5 | 3495.8 |
        Temple |     79 |     52 |     27 |      0 |     40 |   1 |   79.0 |
               +--------+--------+--------+--------+--------+-----+--------+

Top non-repeatable levels by time:
     D:4: 14711 daAuts
     D:3: 1035 daAuts
     D:1: 927 daAuts
     D:2: 724 daAuts
     D:5: 80 daAuts
  Temple: 79 daAuts
